 Dungeon Crawl Stone Soup version 0.19.1 (webtiles) character file.

9281 Geoffrax the Covert (level 11, -8/75 HPs)
             Began as an Octopode Monk on Dec 14, 2016.
             Was a High Priest of Nemelex Xobeh.
             Mangled by Nergalle the ghost crab (14 damage)
             ... on level 11 of the Dungeon.
             The game lasted 00:25:55 (10928 turns).

Geoffrax the Covert (Octopode Monk)                Turns: 10928, Time: 00:25:56

Health: -8/75      AC:  1    Str: 13    XL:     11   Next: 44%
Magic:  16/16      EV: 18    Int: 14    God:    Nemelex Xobeh [*****.]
Gold:   396        SH:  0    Dex: 14    Spells: 2 memorised, 4 levels left

rFire  . . .     SeeInvis .       - Unarmed
rCold  . . .     Gourm    +     (no shield)
rNeg   . . .     Faith    .     (helmet restricted)
rPois  .         Spirit   .     y - amulet of the gourmand
rElec  .         Reflect  .     (no ring)
rCorr  .         Harm     .     (no ring)
MR     .....                    (no ring)
Stlth  ++++++....               (no ring)
                                (no ring)
                                (no ring)
                                (no ring)
                                (no ring)

@: no status effects
A: almost no armour, stealthy swim, amphibious, 8 rings, constrict 8, camouflage
1, gelatinous body 1
a: Triple Draw, Deal Four, Stack Five, Renounce Religion


You were on level 11 of the Dungeon.
You worshipped Nemelex Xobeh.
Nemelex Xobeh was extremely pleased with you.
You were very full.

You visited 1 branch of the dungeon, and saw 11 of its levels.

You collected 721 gold pieces.
You spent 325 gold pieces at shops.

Inventory:

Magical Staves
 X - an uncursed staff of earth
Jewellery
 h - an uncursed ring of fire
 w - an uncursed amulet of guardian spirit
 y - an amulet of the gourmand (around mantle)
 N - an uncursed amulet of regeneration
Wands
 q - a wand of lightning (2/15)
 s - a wand of flame (22/48)
 G - a wand of disintegration (11/24)
 H - a wand of lightning (10/15)
 I - a wand of digging (9/24)
 R - a wand of polymorph (12/24)
Scrolls
 e - 6 scrolls of remove curse
 g - 3 scrolls of recharging
 x - 3 scrolls of blinking
 Q - a scroll of magic mapping
 T - 2 scrolls of teleportation
 W - a scroll of immolation {unknown}
Potions
 b - 2 potions of curing
 i - a potion of ambrosia {unknown}
 l - a potion of haste {unknown}
 n - a potion of degeneration {unknown}
 p - 2 potions of flight {unknown}
 t - 3 potions of mutation {unknown}
 u - a potion of invisibility {unknown}
 v - 4 potions of might
 z - a potion of magic {unknown}
 A - a potion of beneficial mutation {unknown}
 B - a potion of berserk rage
 C - 2 potions of resistance
 D - 4 potions of heal wounds
 F - a potion of brilliance {unknown}
 L - a potion of agility {unknown}
 O - 2 potions of lignification {unknown}
Books
 o - a book of Clouds

   Spells                             Type                      Level
   a - Mephitic Cloud                 Conjuration/Poison/Air       3
   b - Conjure Flame                  Conjuration/Fire             3
   c - Poisonous Cloud                Conjuration/Poison/Air       6
   d - Freezing Cloud                 Conjuration/Ice/Air          6
   e - Ring of Flames                 Charms/Fire                  7
 E - a book of Changes

   Spells                             Type                      Level
   a - Beastly Appendage              Transmutation                1
   b - Sticks to Snakes               Transmutation                2
   c - Spider Form                    Transmutation/Poison         3
   d - Ice Form                       Ice/Transmutation            4
   e - Blade Hands                    Transmutation                5
 S - a book of Air

   Spells                             Type                      Level
   a - Shock                          Conjuration/Air              1
   b - Swiftness                      Charms/Air                   2
   c - Repel Missiles                 Charms/Air                   2
   d - Static Discharge               Conjuration/Air              3
   e - Lightning Bolt                 Conjuration/Air              5
Miscellaneous
 j - a plain deck of escape {drawn: 2}
 k - a plain deck of escape
 r - an ornate deck of summoning
 J - a plain deck of escape
 M - a legendary deck of destruction {drawn: 7}
 U - an ornate deck of destruction
Comestibles
 a - 10 bread rations
 c - 4 fruits
 f - 10 slices of pizza
 m - 4 meat rations
 K - 7 beef jerkies
 P - 2 royal jellies


   Skills:
 * Level 7.6 Fighting
 * Level 8.7 Dodging
 + Level 10.5 Stealth
 + Level 10.3 Unarmed Combat
 * Level 7.5 Invocations


You had 4 spell levels left.
You knew the following spells:

 Your Spells              Type           Power        Failure   Level  Hunger
a - Beastly Appendage     Tmut           #.....       30%         1    ##.....
b - Blade Hands           Tmut           #.........   100%        5    ######.


Dungeon Overview and Level Annotations

Branches:
Dungeon (11/15)            Temple (0/1) D:6            Lair (0/6) D:11
    Orc (0/2) D:11

Altars:
Gozag
Nemelex Xobeh
Xom
Zin
The Shining One

Shops:
D:8 :

Annotations:
D:11 Nergalle


Innate Abilities, Weirdness & Mutations

You cannot wear most types of armour.
You are very stealthy in the water. (Stealth+)
You are amphibious.
You can wear up to eight rings at the same time.
You can use your tentacles to constrict eight enemies at once.
Your skin changes colour to match your surroundings (Stealth+).
Your rubbery body absorbs attacks. (AC +1, EV +1)


Message History

You feel a surge of magic.
You are engulfed in spectral mist.
Evoke which item? (* to show all) (? for menu, Esc to quit)
You draw a card...
It is Wild Magic.
Venomous gases pour from Nergalle's front feet!
You feel a surge of magic.
You are engulfed in spectral mist.
You tentacle-slap Nergalle. You grab Nergalle.
Nergalle is severely damaged.
You are engulfed in spectral mist.
You constrict Nergalle. Nergalle breathes spectral mist at you.
The spectral mist engulfs you!
You bludgeon Nergalle!
Nergalle is almost destroyed.
You are engulfed in spectral mist.
* * * LOW HITPOINT WARNING * * *
You constrict Nergalle, but do no damage.
Nergalle bites you!
* * * LOW HITPOINT WARNING * * *
Nergalle claws you!
You die...
Your body glows slightly and disappears.

#............#
#......)....(#
#........)...#
#########)####
######((.).#
.......######
..............
......###############§#
........# #.Z§@tZ§§§#
....##.## #§#########
....##.## #.# ........#
#.# .#......# #.#
........# #.#
........#####.#
..............#
........#######


You could see Nergalle the ghost crab, a spectral anaconda and a spectral worker
ant.

Vanquished Creatures
  The ghost of Geoffrax the Sneak, a novice OpMo (D:4)
  2 hippogriffs
  A slime creature (D:6)
  A wyvern (D:9)
  3 yaks (D:7)
  2 hogs (D:7)
  A basilisk (D:11)
  A water moccasin (D:9)
  2 ice beasts (D:10)
  3 sky beasts
  An orc warrior (D:6)
  4 ogres
  2 phantoms
  10 centaurs
  5 bullfrogs
  3 water moccasin zombies
  2 scorpions (D:5)
  A wight (D:7)
  3 howler monkeys (D:8)
  A crimson imp (D:10)
  A quasit (D:7)
  11 jellies
  2 bullfrog skeletons
  2 orc priests
  A hound (D:9)
  6 orc wizards
  3 centaur skeletons
  3 iguanas
  5 worker ants
  2 killer bee zombies
  A worker ant zombie (D:10)
  10 adders
  A howler monkey skeleton (D:8)
  A shadow imp (D:9)
  13 oozes
  An adder zombie (D:7)
  An adder skeleton (D:4)
  2 leopard geckos
  22 orcs
  8 giant cockroaches
  4 goblins
  4 hobgoblins
  12 jackals
  5 quokkas
  A ball python (D:5)
  5 bats
  6 frilled lizards
  7 kobolds
  A leopard gecko skeleton (D:7)
  2 rats
  3 fungi (D:6)
195 creatures vanquished.

Vanquished Creatures (collateral kills)
  A fire dragon (D:10)
  A yaktaur captain (D:10)
  A tengu warrior (D:11)
  A flayed ghost (D:10)
  A hill giant (D:11)
  Pikel (D:7)
  A cyclops (D:11)
  Sigmund (D:5)
  A tarantella (shapeshifter) (D:10)
  2 hogs (D:7)
  A human (D:7)
  A yak (D:7)
  Menkaure (D:4)
  2 ice beasts
  A black bear (D:6)
  An orc warrior (D:9)
  A slave (D:7)
  2 ogres
  A centaur (D:10)
  A bullfrog (D:6)
  2 scorpions
  2 wights (D:7)
  2 crimson imps
  4 jellies (D:6)
  2 orc priests
  4 orc wizards
  An iguana (D:4)
  A killer bee zombie (D:7)
  An adder (D:7)
  An ooze (D:6)
  An adder skeleton (D:4)
  A leopard gecko (D:3)
  9 orcs
  2 giant cockroaches (D:3)
  A hobgoblin (D:3)
57 creatures vanquished.

Vanquished Creatures (others)
  A troll (D:9)
  2 slaves (D:7)
  A scorpion (D:2)
  A hound (D:7)
  A worker ant zombie (D:7)
  An orc (D:7)
7 creatures vanquished.

Grand Total: 259 creatures vanquished

Notes
Turn   | Place    | Note
-------+----------+-------------------------------------------
     0 | D:1      | Geoffrax the Octopode Monk began the quest for the Orb.
     0 | D:1      | Reached XP level 1. HP: 16/16 MP: 1/1
   281 | D:1      | Found a sparkling altar of Nemelex Xobeh.
   291 | D:1      | Reached XP level 2. HP: 13/21 MP: 2/2
   297 | D:1      | Became a worshipper of Nemelex Xobeh the Trickster
   297 | D:1      | Received a gift from Nemelex Xobeh
   297 | D:1      | Reached * piety under Nemelex Xobeh
   297 | D:1      | Received a gift from Nemelex Xobeh
   297 | D:1      | Reached ** piety under Nemelex Xobeh
   297 | D:1      | Received a gift from Nemelex Xobeh
   830 | D:2      | Noticed a scorpion
   830 | D:2      | a worm changed into a scorpion
   833 | D:2      | Killed a scorpion
   833 | D:2      | Reached XP level 3. HP: 26/26 MP: 3/3
   833 | D:2      | Reached XP level 4. HP: 31/31 MP: 4/4
  1216 | D:2      | Received a gift from Nemelex Xobeh
  1487 | D:3      | Reached XP level 5. HP: 13/37 MP: 5/5
  1782 | D:3      | Reached skill level 1 in Invocations
  2391 | D:4      | Noticed Menkaure
  2395 | D:4      | Killed Menkaure
  2395 | D:4      | Reached XP level 6. HP: 43/43 MP: 5/7
  2447 | D:4      | Reached *** piety under Nemelex Xobeh
  2486 | D:4      | Noticed Geoffrax's ghost (novice OpMo)
  2490 | D:4      | Killed Geoffrax's ghost
  2490 | D:4      | Reached skill level 5 in Stealth
  2490 | D:4      | Reached skill level 5 in Unarmed Combat
  2490 | D:4      | Reached XP level 7. HP: 48/48 MP: 8/8
  3327 | D:5      | Entered Level 5 of the Dungeon
  3392 | D:5      | Reached XP level 8. HP: 54/54 MP: 10/10
  3424 | D:5      | Received a gift from Nemelex Xobeh
  3430 | D:5      | Noticed Sigmund
  3440 | D:5      | Killed Sigmund
  3518 | D:5      | Reached skill level 5 in Fighting
  3518 | D:5      | Reached skill level 5 in Dodging
  3678 | D:5      | Reached **** piety under Nemelex Xobeh
  3959 | D:5      | Received a gift from Nemelex Xobeh
  4112 | D:6      | Noticed a wyvern
  4426 | D:6      | Received a gift from Nemelex Xobeh
  4438 | D:6      | Noticed a slime creature
  4439 | D:6      | Killed a slime creature
  4439 | D:6      | Reached XP level 9. HP: 61/61 MP: 10/12
  4652 | D:6      | Found a sparkling altar of Nemelex Xobeh.
  4657 | D:6      | Found a shimmering altar of Xom.
  4869 | D:6      | Found a glowing golden altar of the Shining One.
  4869 | D:6      | Found an opulent altar of Gozag.
  4905 | D:6      | Found a staircase to the Ecumenical Temple.
  5353 | D:7      | Noticed Pikel
  5378 | D:7      | Killed Pikel
  5531 | D:7      | Reached skill level 5 in Invocations
  6021 | D:7      | Found a glowing silver altar of Zin.
  6031 | D:7      | Received a gift from Nemelex Xobeh
  6126 | D:7      | Reached XP level 10. HP: 35/68 MP: 14/14
  6558 | D:8      | Found Qoliop's Book Emporium.
  6719 | D:8      | Reached ***** piety under Nemelex Xobeh
  6794 | D:8      | Bought a book of Changes for 325 gold pieces
  6800 | D:8      | Learned a level 1 spell: Beastly Appendage
  6806 | D:8      | Learned a level 5 spell: Blade Hands
  7288 | D:8      | HP: 3/69 [ogre/giant club (17)]
  8203 | D:10     | Entered Level 10 of the Dungeon
  8674 | D:10     | Received a gift from Nemelex Xobeh
  9322 | D:10     | Found a runed door.
  9429 | D:10     | Reached XP level 11. HP: 32/75 MP: 16/16
  9637 | D:10     | Received a gift from Nemelex Xobeh
  9956 | D:10     | Noticed a yaktaur captain
  9962 | D:10     | Killed a yaktaur captain
  9962 | D:10     | Reached skill level 10 in Stealth
  9962 | D:10     | Reached skill level 10 in Unarmed Combat
  9986 | D:10     | Noticed a flayed ghost
  9992 | D:10     | Noticed a fire dragon
  9992 | D:10     | Killed a flayed ghost
 10008 | D:10     | Killed a fire dragon
 10088 | D:11     | Noticed a tengu warrior
 10091 | D:11     | Found a staircase to the Orcish Mines.
 10092 | D:11     | Killed a tengu warrior
 10093 | D:11     | Found a staircase to the Lair.
 10573 | D:11     | Received a gift from Nemelex Xobeh
 10583 | D:11     | Noticed a cyclops
 10583 | D:11     | Noticed a hill giant
 10592 | D:11     | Killed a hill giant
 10598 | D:11     | Killed a cyclops
 10654 | D:11     | Noticed a phantasmal warrior
 10656 | D:11     | Noticed a green ugly thing
 10769 | D:11     | Noticed a cyclops
 10918 | D:11     | Noticed Nergalle
 10921 | D:11     | Noticed Nergalle
 10921 | D:11     | Nergalle changed into Nergalle the ghost crab
 10928 | D:11     | Noticed a spectral anaconda
 10928 | D:11     | Mangled by Nergalle the ghost crab

Skill      XL: |  1  2  3  4  5  6  7  8  9 10 11 |
---------------+----------------------------------+-----
Stealth        | 3 4 5 6 7 8 9 10 | 10.5
Unarmed Combat | 4 5 6 8 9 10 | 10.3
Invocations    | 1 2 3 4 5 6 7 |  7.5
Fighting       | 4 5 6 7 |  7.6
Dodging        | 4 5 6 8 |  8.7

Action                   |  1- 3 |  4- 6 |  7- 9 | 10-12 || total
-------------------------+-------+-------+-------+-------++-------
Melee: Unarmed           |    31 |    83 |   199 |   260 ||   573
       Constrict         |     9 |    18 |    38 |    41 ||   106
       Tentacles         |     4 |    12 |    44 |    58 ||   118
       Punch             |       |     1 |    15 |    24 ||    40
Evoke: Deck              |     3 |     8 |    14 |    22 ||    47
       Wand              |       |       |       |     1 ||     1
  Use: Scroll            |       |       |     4 |    12 ||    16
       Potion            |       |       |     1 |     1 ||     2
 Stab: Sleeping          |     6 |     9 |    10 |    26 ||    51
       Distracted        |       |       |       |     2 ||     2
  Eat: Chunk             |       |    17 |    13 |    15 ||    45
Armor: Skin              |       |     5 |     7 |    10 ||    22
Dodge: Dodged            |    13 |    75 |   136 |   174 ||   398
